 Dungeon Crawl Stone Soup version 0.31-a0-188-g5e087ee2ca (webtiles) character file.

Game seed: 11348039586758638999

152 qw the Skirmisher (level 5, -11/29 HPs)
             Began as a Deep Elf Hunter on June 23, 2023.
             Mangled by a wyvern (12 damage)
             ... on level 3 of the Dungeon.
             The game lasted 00:00:58 (2608 turns).

qw the Skirmisher (Deep Elf Hunter)                 Turns: 2608, Time: 00:00:59

Health: -11/29     AC:  5    Str: 10    XL:     5   Next: 11%
Magic:  7/7        EV: 11    Int: 14    God:
Gold:   118        SH:  0    Dex: 18    Spells: 4/4 levels left

rFire   . . .        Y - +0 shortbow
rCold   . . .        (shield currently unavailable)
rNeg    . . .        d - +0 ring mail
rPois   .            (no helmet)
rElec   .            (no cloak)
rCorr   +            (no gloves)
SInv    .            (no boots)
Will    .....        g - amulet of faith
Stlth   +            c - ring of resist corrosion
HPRegen 0.24/turn    (no ring)
MPRegen 0.10/turn

%: faith
@: no status effects
A: no striking features
a: no special abilities


You were on level 3 of the Dungeon.
You visited 1 branch of the dungeon, and saw 4 of its levels.

You collected 118 gold pieces.


   Skills:
 - Level 1.5 Fighting
 + Level 8.5 Ranged Weapons
 - Level 2.4 Dodging
 - Level 1.2 Stealth


You had 4 spell levels left.
You didn't know any spells.
Your spell library was empty.

Inventory:

Hand Weapons
 Y - a +0 shortbow (weapon)
Armour
 d - a +0 ring mail (worn)
Jewellery
 c - a ring of resist corrosion (left hand)
 g - an amulet of faith (around neck)
Scrolls
 a - 5 scrolls of teleportation
 f - 3 scrolls of identify
Potions
 b - a potion of curing
 e - a potion of resistance
 h - a potion of cancellation
 j - a potion of enlightenment

Dungeon Overview and Level Annotations

Branches:
Dungeon (4/15)
 Temple: D:4-7

Altars:
Qazlal
Ru


Message History

As you read the scroll of identify, it crumbles to dust.
i - a potion of magic
2580 ||| IDENTIFYING glowing black potion Done exploring.
2581 ||| DROPPING potion of magic.
You drop a potion of magic.
Done exploring.
(D) Dungeon
Where to? (* - list waypoints, Enter - D:3, ? - help)
What level of the Dungeon? (default 1, ? - help)
There is a stone staircase leading down here.
You climb downwards.
Found a shiny garnet ring and a gold wand.
There is a stone staircase leading up here.
There are monsters nearby!
Waypoint 3 assigned to D:4.
You shoot an arrow. The arrow hits the ball python.
The ball python hisses angrily.
The ball python is heavily wounded.
The wyvern hisses angrily.
The ball python barely misses you. The ball python grabs you.
The ball python constricts you.
You shoot an arrow. The arrow hits the ball python!
You kill the ball python!
You shoot an arrow. The arrow hits the wyvern.
The wyvern is lightly wounded.
You shoot an arrow. The arrow closely misses the wyvern.
The wyvern barely misses you. The scorpion misses you. The wyvern bites you!
The scorpion completely misses you.
2605 ||| STAIRDANCE The wyvern bites you!
The scorpion completely misses you. The wyvern barely misses you.
You climb upwards.
There is a stone staircase leading down here.
You shoot an arrow.
The arrow hits the wyvern but does no damage.
The wyvern is lightly wounded.
The wyvern completely misses you. The scorpion closely misses you.
You shoot an arrow. The arrow hits the wyvern!
The wyvern is heavily wounded.
The wyvern bites you! The scorpion barely misses you. The wyvern bites you!
You die...

##.....................#.....#
#####..............####.....#
###....#....#.#...#.>.##.....#
##.)...............##.########
.....######............#
.....######........#####
...................#
................l..#
.........##.....@s.#
..%........######.##
)........#.######.#
.........#......#.#
.........######...# .........###
##..######### ...........##
##.<.......# .........#..###
#.........###
..............###...........#####


You could see a wyvern and a scorpion.

Vanquished Creatures
  7 adders
  A worm (D:3)
  A dart slug (D:3)
  2 orcs (D:3)
  7 ball pythons
  10 bats
  6 endoplasms
  2 giant cockroaches
  6 goblins
  3 hobgoblins
  11 jackals
  3 quokkas (D:1)
  3 frilled lizards
  7 kobolds
  6 rats
75 creatures vanquished.

Notes
Turn   | Place    | Note
-------+----------+-------------------------------------------
     0 | D:1      | qw the Deep Elf Hunter began the quest for the Orb.
     0 | D:1      | Reached XP level 1. HP: 12/12 MP: 3/3
     0 | D:1      | 0 ||| qw: Version: 0.3-a-9-g12657ce
     0 | D:1      | 0 ||| qw: Game counter: 3802
     0 | D:1      | 0 ||| qw: Always use a shield: true
     0 | D:1      | 0 ||| qw: God list: Okawaru
     0 | D:1      | 0 ||| qw: Allow faded altars: false
     0 | D:1      | 0 ||| qw: Do Orc after D:15 true
     0 | D:1      | 0 ||| qw: Do second Lair branch before Depths: true
     0 | D:1      | 0 ||| qw: Lair rune preference: random
     0 | D:1      | 0 ||| qw: Plans: Normal
     0 | D:1      | 0 ||| PLANNING D:1-11
   191 | D:1      | Reached skill level 6 in Ranged Weapons
   191 | D:1      | Reached XP level 2. HP: 16/16 MP: 4/4
   467 | D:1      | Reached XP level 3. HP: 20/20 MP: 5/5
   743 | D:1      | 743 ||| UPGRADING to +0 ring mail.
   753 | D:1      | 753 ||| DROPPING +0 leather armour.
   754 | D:1      | 754 ||| READING scroll labelled COASMO KUNWUD.
   755 | D:1      | 755 ||| READING 2 scrolls labelled HOPLAKHLOCRU.
   756 | D:1      | 756 ||| READING 2 scrolls labelled OPOMAJI LAXADYI.
   761 | D:1      | 761 ||| READING scroll labelled BYIPETUXIT.
   762 | D:1      | 762 ||| READING scroll labelled GUTITI TIRHIRO.
   763 | D:1      | 763 ||| DRINKING 2 golden potions.
   764 | D:1      | 764 ||| DROPPING scroll of butterflies.
   867 | D:2      | Reached skill level 7 in Ranged Weapons
  1002 | D:2      | Reached XP level 4. HP: 25/25 MP: 6/6
  1080 | D:2      | Found a faded altar of an unknown god.
  1860 | D:2      | 1860 ||| UPGRADING to ring of resist corrosion.
  1861 | D:2      | 1861 ||| DRINKING 2 white potions.
  1862 | D:2      | 1862 ||| READING 6 scrolls of identify.
  1862 | D:2      | 1862 ||| IDENTIFYING sedimented yellow potion
  1863 | D:2      | 1863 ||| READING 5 scrolls of identify.
  1863 | D:2      | 1863 ||| IDENTIFYING sedimented sapphire potion
  1864 | D:2      | 1864 ||| DROPPING potion of berserk rage.
  1874 | D:3      | Noticed a scorpion
  1878 | D:3      | Reached skill level 8 in Ranged Weapons
  1880 | D:3      | 1880 ||| STAIRDANCE
  1884 | D:2      | HP: 5/25 [scorpion (5)]
  1885 | D:2      | 1885 ||| READING scroll of teleportation.
  1885 | D:2      | HP: 2/25 [poisoned by a scorpion]
  1886 | D:2      | 1886 ||| DRINKING potion of heal wounds.
  1989 | D:3      | 1989 ||| STAIRDANCE
  2098 | D:3      | Found a stormy altar of Qazlal.
  2140 | D:3      | Found a sacrificial altar of Ru.
  2272 | D:3      | 2272 ||| FLEEEEING.
  2273 | D:3      | 2273 ||| FLEEEEING.
  2274 | D:3      | 2274 ||| FLEEEEING.
  2275 | D:3      | 2275 ||| FLEEEEING.
  2276 | D:3      | 2276 ||| FLEEEEING.
  2277 | D:3      | 2277 ||| FLEEEEING.
  2278 | D:3      | 2278 ||| FLEEEEING.
  2279 | D:3      | 2279 ||| FLEEEEING.
  2280 | D:3      | 2280 ||| FLEEEEING.
  2281 | D:3      | 2281 ||| FLEEEEING.
  2282 | D:3      | 2282 ||| FLEEEEING.
  2338 | D:3      | Reached XP level 5. HP: 29/29 MP: 7/7
  2573 | D:3      | 2573 ||| UPGRADING to amulet of faith.
  2578 | D:3      | 2578 ||| READING 6 scrolls of identify.
  2578 | D:3      | 2578 ||| IDENTIFYING pink potion
  2579 | D:3      | 2579 ||| READING 5 scrolls of identify.
  2579 | D:3      | 2579 ||| IDENTIFYING blue potion
  2580 | D:3      | 2580 ||| READING 4 scrolls of identify.
  2580 | D:3      | 2580 ||| IDENTIFYING glowing black potion
  2581 | D:3      | 2581 ||| DROPPING potion of magic.
  2600 | D:4      | Noticed a wyvern
  2605 | D:4      | 2605 ||| STAIRDANCE
  2608 | D:3      | HP: 1/29 [wyvern (11)]
  2608 | D:3      | Mangled by a wyvern

Levels and vault maps discovered:
D:1:      kennysheep_arrival_forest, layout_basic
D:2:      layout_basic, nicolae_ecumenical_lake_church, minmay_misc_feat_iff
D:3:      layout_rooms, mainiacjoe_overflow_six_doors_small,
          nicolae_ru_sacrificial_ziggurat
D:4:      layout_loops_ring, uniq_menkaure, uniq_crazy_yiuf_cottage

Skill      XL: |  1  2  3  4 |
---------------+-------------+-----
Ranged Weapons | 6 7 8 |  8.5
Fighting       | |  1.5
Dodging        | |  2.4
Stealth        | |  1.2

Action                     |  1- 3 |  4- 6 || total
---------------------------+-------+-------++-------
   Fire: Shortbow          |   110 |   104 ||   214
    Use: Scroll            |     5 |     6 ||    11
         Potion            |     1 |     2 ||     3
 Armour: Leather armour    |     7 |       ||     7
         Ring mail         |    18 |    31 ||    49
  Dodge: Dodged            |    60 |    50 ||   110

Table legend:
 A = Non-vault XP
 B = Vault XP
 C = Vault XP percentage of total XP
 D = Non-vault monster count
 E = Vault monster count
 F = Vault count percentage of total count
                 A         B        C        D         E       F
            +---------+---------+-------+---------+---------+-------
      Total |     218 |       0 |   0.0 |      75 |       0 |   0.0
            +---------+---------+-------+---------+---------+-------
        D:1 |      51 |       0 |   0.0 |      29 |       0 |   0.0
        D:2 |     114 |       0 |   0.0 |      25 |       0 |   0.0
        D:3 |      51 |       0 |   0.0 |      20 |       0 |   0.0
        D:4 |       2 |       0 |   0.0 |       1 |       0 |   0.0
            +---------+---------+-------+---------+---------+-------
